 Dungeon Crawl Stone Soup version 0.22.1-1-ga44c0e56f4 (webtiles) character file.

235 LLavrengius the Chopper (level 6, -2/38 HPs)
             Began as a Gargoyle Fighter on Oct 27, 2018.
             Slain by an ogre
             ... wielding a +0 giant club
              (18 damage)
             ... on level 4 of the Dungeon.
             The game lasted 00:06:21 (2481 turns).

LLavrengius the Chopper (Gargoyle Fighter)          Turns: 2481, Time: 00:06:21

Health: -2/38      AC: 12    Str: 26    XL:     6   Next: 6%
Magic:  6/6        EV:  7    Int:  9    God:
Gold:   110        SH:  9    Dex:  9    Spells: 5/5 levels left

rFire    . . .     SeeInvis .   a - +0 war axe
rCold    . . .     Gourm    .   c - +0 shield
rNeg     + . .     Faith    .   b - +0 scale mail
rPois    ∞         Spirit   .   (no helmet)
rElec    +         Reflect  .   t - scarf {cloud immunity}
rCorr    .         Harm     .   (no gloves)
MR       .....                  s - +0 pair of boots
Stlth    ..........             (no amulet)
HPRegen  0.12/turn              (no ring)
MPRegen  0.10/turn              (no ring)

@: mighty
A: negative energy resistance 1, electricity resistance, unbreathing,
petrification resistance, rot immunity, AC +4
a: no special abilities


You were on level 4 of the Dungeon.
You were hungry.

You visited 1 branch of the dungeon, and saw 4 of its levels.

You collected 110 gold pieces.

Inventory:

Hand Weapons
 a - a +0 war axe (weapon)
Missiles
 j - 79 stones (quivered)
 o - 20 sling bullets
 q - 7 tomahawks
Armour
 b - a +0 scale mail (worn)
 c - a +0 shield (worn)
 s - a +0 pair of boots (worn)
 t - a scarf of cloud immunity (worn)
Jewellery
 u - a cursed amulet of inaccuracy {unknown}
Scrolls
 e - a scroll of immolation {unknown}
 h - a scroll of enchant armour {unknown}
 k - 3 scrolls of teleportation {unknown}
 m - a scroll of fog {unknown}
 n - 5 scrolls of identify {unknown}
Potions
 g - a potion of lignification {unknown}
 i - a potion of curing {unknown}
 l - 2 potions of magic {unknown}
 p - a potion of brilliance {unknown}
 r - 2 potions of resistance {unknown}
 v - a potion of agility {unknown}
Comestibles
 f - 4 rations


   Skills:
 + Level 4.0 Fighting
 * Level 4.4 Axes
 + Level 4.3 Armour
 + Level 0.6 Dodging
 + Level 0.1 Stealth
 - Level 3.2 Shields


You had 5 spell levels left.
You didn't know any spells.
Your spell library was empty.

Dungeon Overview and Level Annotations

Branches:
Dungeon (4/15)
 Temple: D:4-7

Altars:
Okawaru
Vehumet


Innate Abilities, Weirdness & Mutations

You are resistant to torment.
Your stone body is resilient. (AC +4)
You are immune to poison.
You resist negative energy. (rN+)
You are resistant to electric shocks. (rElec)
You can survive without breathing.
You are immune to petrification.
You are immune to rotting.


Message History

You closely miss the ogre. The ogre hits you with a giant club!!
Ouch! That really hurt!
You feel very mighty all of a sudden. You block the ogre's attack.
You barely miss the ogre. You block the ogre's attack.
Your shield and scale mail prevent you from hitting the ogre.
You block the ogre's attack.
You barely miss the ogre. The ogre barely misses you.
Your shield and scale mail prevent you from hitting the ogre.
The ogre barely misses you.
You hit the ogre.
The ogre is lightly wounded.
The ogre hits you with a giant club.
You slash the ogre!
The ogre is severely wounded.
You block the ogre's attack.
You hit the ogre.
The ogre is severely wounded.
The ogre hits you with a giant club!!
You die...

### ####.#
#....#
#.#######.##.#
#....O@....#.#
#########..#.#
#..#.# #..#.#
#..#.# ## #..#.#
.#
##############.#
.#
...............#
.#
.#######...#####


You could see an ogre.

Vanquished Creatures
  An orc priest (D:3)
  2 orc wizards (D:3)
  4 adders
  An ooze (D:1)
  4 worms
  A dart slug (D:3)
  17 orcs
  3 giant cockroaches
  8 goblins
  6 hobgoblins
  10 jackals (D:2)
  5 bats
  3 frilled lizards
  11 kobolds
  2 rats (D:3)
78 creatures vanquished.

Notes
Turn   | Place    | Note
-------+----------+-------------------------------------------
     0 | D:1      | LLavrengius the Gargoyle Fighter began the quest for the
                  | Orb.
     0 | D:1      | Reached XP level 1. HP: 14/14 MP: 1/1
    97 | D:1      | Reached XP level 2. HP: 16/19 MP: 2/2
   499 | D:2      | Reached XP level 3. HP: 24/24 MP: 3/3
   820 | D:2      | Reached XP level 4. HP: 29/29 MP: 4/4
  1033 | D:2      | Found an iron altar of Okawaru.
  1738 | D:3      | Reached XP level 5. HP: 29/33 MP: 5/5
  1918 | D:3      | Reached XP level 6. HP: 26/38 MP: 6/6
  2328 | D:3      | Found a radiant altar of Vehumet.
  2481 | D:4      | Slain by an ogre

Skill      XL: |  1  2  3  4  5 |
---------------+----------------+-----
Axes           | 2 3 4 |  4.4
Fighting       | 4 |  4.0
Armour         | 4 |  4.3
Dodging        | |  0.6
Stealth        | |  0.1
Shields        | |  3.2

Action                   |  1- 3 |  4- 6 || total
-------------------------+-------+-------++-------
Melee: War axe           |   112 |   180 ||   292
  Use: Potion            |       |     1 ||     1
  Eat: Chunk             |       |     5 ||     5
Armor: Scale mail        |    67 |    88 ||   155
Dodge: Dodged            |    53 |    55 ||   108
Block: Shield            |    68 |    83 ||   151
